Map: Dusk Towers

Players

POX - Winner!

  • Race: Protoss Protoss
  • League: Grandmaster

HolyHit

  • Race: Protoss Protoss
  • League: Grandmaster

Event: DreamHack ZOWIE Open Leipzig

VOD

Have the link to the VOD?

Description

Time

  • Played on: Jan. 22, 2016, 8:29 a.m.
  • Length: 23:56

All games in this series

Show
View Real Time Build Order
Export as new Build Order

POX Protoss - Winner!

Build Orders: Nexus First, Blink Stalkers 

Get SALT Encoding   

  12  0:00  Probe (Chrono Boost)  
  13  0:11  Probe (Chrono Boost)  
  14  0:18  Pylon  
  14  0:22  Probe (Chrono Boost)  
  15  0:36  Probe (Chrono Boost)  
  16  0:46  Probe (Chrono Boost)  
  17  0:57  Nexus  
  17  1:07  Gateway  
  17  1:11  Probe (Chrono Boost)  
  18  1:21  Probe (Chrono Boost)  
  18  1:23  Assimilator  
  19  1:27  Assimilator  
  19  1:32  Probe (Chrono Boost)  
  20  1:40  Gateway  
  20  1:42  Probe (Chrono Boost)  
  21  1:53  Probe (Chrono Boost)  
  22  1:54  Cybernetics Core  
  22  2:04  Probe (Chrono Boost)  
  23  2:10  Probe (Chrono Boost)  
  23  2:14  Probe (Chrono Boost)  
  25  2:20  Probe (Chrono Boost)  
  26  2:25  Probe (Chrono Boost)  
  27  2:30  Adept (Chrono Boost)  
  27  2:31  Probe (Chrono Boost), Adept (Chrono Boost)  
  27  2:32  Warp Gate (Chrono Boost)  
  27  2:35  Probe  
  33  2:39  Pylon  
  33  2:43  Probe  
  34  2:48  Mothership Core (Chrono Boost)  
  36  2:55  Probe (Chrono Boost)  
  36  2:57  Twilight Council  
  37  3:06  Probe (Chrono Boost)  
  37  3:08  Probe (Chrono Boost)  
  37  3:12  Pylon  
  39  3:17  Probe (Chrono Boost)  
  39  3:18  Probe (Chrono Boost)  
  41  3:22  Robotics Facility  
  40  3:27  Probe (Chrono Boost), Blink (Chrono Boost)  
  40  3:29  Probe (Chrono Boost)  
  42  3:37  Probe (Chrono Boost)  
  42  3:39  Probe (Chrono Boost)  
  40  3:46  Probe  
  41  3:51  Probe, Nexus  
  42  3:58  Probe  
  41  4:03  Probe  
  41  4:10  Probe  
  41  4:15  Probe  
  41  4:17  Observer (Chrono Boost)  
  41  4:23  Probe  
  41  4:25  Assimilator  
  41  4:26  Assimilator  
  41  4:28  Probe  
  42  4:33  Dark Shrine  
  42  4:35  Gateway  
  42  4:38  Stalker x2, Gateway  
  44  4:40  Probe  
  44  4:41  Probe  
  48  4:52  Probe, Observer (Chrono Boost)  
  50  4:53  Probe  
  50  4:58  Pylon  
  51  5:02  Stalker  
  51  5:03  Stalker  
  51  5:04  Probe x2  
  51  5:05  Probe  
  58  5:13  Pylon  
  58  5:16  Probe  
  58  5:18  Warp Prism (Chrono Boost)  
  60  5:22  Probe  
  60  5:23  Probe  
  62  5:29  Probe  
  62  5:32  Stalker  
  62  5:33  Stalker  
  62  5:34  Probe  
  62  5:35  Probe  
  68  5:36  Charge  
  68  5:41  Probe  
  69  5:47  Probe x2  
  72  5:56  Immortal (Chrono Boost)  
  75  5:57  Probe x2  
  75  6:02  Pylon  
  75  6:03  Probe  
  78  6:09  Probe  
  78  6:10  Probe  
  79  6:15  Probe  
  81  6:20  Dark Templar x2  
  81  6:21  Dark Templar  
  86  6:27  Probe  
  86  6:28  Probe  
  86  6:30  Assimilator x2  
  86  6:31  Probe  
  86  6:32  Pylon  
  89  6:33  Pylon  
  89  6:36  Immortal (Chrono Boost)  
  93  6:48  Probe  
  93  6:50  Probe x2  
  94  6:58  Forge  
  94  6:59  Probe  
  93  7:02  Probe x2, Forge  
  93  7:08  Stalker x4  
  101  7:09  Probe  
  101  7:12  Immortal (Chrono Boost)  
  101  7:14  Probe  
  101  7:15  Probe  
  106  7:17  Gateway  
  107  7:25  Templar Archives, Gateway  
  107  7:26  Gateway  
  109  7:32  Sentry, Pylon  
  108  7:38  Protoss Ground Weapons Level 1 (Chrono Boost), Protoss Ground Armor Level 1 (Chrono Boost)  
  108  7:39  Pylon  
  108  7:40  Pylon  
  108  7:43  Pylon  
  108  7:45  Photon Cannon  
  108  7:47  Immortal  
  108  7:50  Photon Cannon  
  112  7:58  Photon Cannon  
  112  8:03  Zealot x3  
  112  8:04  Zealot  
  120  8:09  Photon Cannon  
  120  8:14  Gateway  
  120  8:16  Gateway  
  120  8:19  Gateway  
  119  8:30  Gateway  
  123  8:34  High Templar x4  
  123  8:35  Pylon  
  123  8:36  Warp Prism, High Templar x2  
  133  8:43  Nexus  
  133  8:45  Pylon  
  133  8:46  Archon x2  
  133  8:47  Archon  
  133  8:52  Photon Cannon  
  133  9:01  Gateway  
  133  9:04  Gateway  
  133  9:05  Gateway, Zealot  
  133  9:06  Pylon  
  133  9:08  High Templar x3  
  133  9:09  High Templar  
  143  9:15  Archon x2  
  143  9:17  Zealot x2  
  143  9:21  Pylon  
  143  9:23  Pylon  
  147  9:26  Pylon  
  147  9:27  Pylon  
  147  9:30  High Templar x2  
  151  9:34  Archon  
  151  9:40  High Templar x2  
  151  9:41  Zealot  
  151  9:42  Zealot x3  
  151  9:44  Archon  
  161  9:46  Zealot x3  
  167  9:58  Zealot  
  167  9:59  Zealot  
  155  10:09  Zealot x3  
  155  10:10  Zealot x5  
  155  10:12  Dark Templar  
  157  10:15  High Templar x3  
  157  10:16  High Templar  
  159  10:23  Zealot x2, Archon x2  
  159  10:24  Zealot x5  
  159  10:27  Warp Prism  
  159  10:28  Assimilator x2  
  169  10:35  Protoss Ground Armor Level 2 (Chrono Boost), Protoss Ground Weapons Level 2 (Chrono Boost)  
  169  10:39  Photon Cannon  
  169  10:46  Stalker x3  
  169  10:48  Stalker  
  177  10:59  Stalker x3  
  177  11:01  Stalker  
  183  11:11  Stalker x2  
  183  11:12  Stalker x2  
  183  11:14  Zealot  
  191  11:22  Stalker x2  
  195  11:44  Dark Templar x2  
  199  11:51  Robotics Bay  
  199  11:53  Robotics Facility  
  199  11:56  Robotics Facility  
  199  12:07  Dark Templar  
  199  12:13  Nexus  
  195  12:15  Pylon  
  189  12:25  Zealot x4  
  189  12:26  Zealot  
  189  12:29  Immortal (Chrono Boost)  
  176  12:38  Zealot  
  176  12:39  Zealot x7  
  176  12:40  Zealot  
  176  12:45  Stalker x2  
  176  12:46  Stalker  
  176  12:48  High Templar x2  
  176  12:50  Protoss Ground Weapons Level 3 (Chrono Boost)  
  184  12:52  Archon  
  184  12:57  Pylon  
  184  12:58  Disruptor x2 (Chrono Boost)  
  184  13:05  Zealot  
  186  13:09  Protoss Ground Armor Level 3  
  186  13:21  Observer (Chrono Boost)  
  186  13:26  Photon Cannon  
  187  13:27  Photon Cannon  
  187  13:33  Disruptor x2 (Chrono Boost)  
  183  13:37  High Templar x4  
  189  13:41  Stalker x3  
  189  13:42  Archon x2  
  193  13:52  Disruptor (Chrono Boost)  
  194  14:04  Disruptor (Chrono Boost)  
  194  14:08  Dark Templar x2, Zealot x2, Pylon  
  199  14:10  Pylon  
  199  14:18  Assimilator  
  199  14:20  Assimilator  
  199  14:23  Pylon  
  199  14:37  Zealot x9  
  199  14:38  Zealot  
  144  14:48  Disruptor x2 (Chrono Boost)  
  144  14:49  Stalker x3, Disruptor (Chrono Boost)  
  114  15:03  Stalker  
  114  15:04  Stalker x2  
  114  15:05  Probe  
  109  15:09  Probe  
  109  15:10  Probe  
  109  15:11  Probe  
  104  15:17  Probe  
  104  15:18  Probe  
  110  15:21  Probe  
  110  15:24  High Templar x2  
  110  15:27  Stalker x2  
  119  15:29  Archon  
  119  15:31  Stalker  
  119  15:32  Stalker x3  
  119  15:33  Probe  
  119  15:34  Probe  
  123  15:36  Probe  
  123  15:40  Probe  
  123  15:42  High Templar x2  
  129  15:46  Warp Prism (Chrono Boost)  
  129  15:47  Stalker, Archon  
  129  15:49  Probe  
  134  15:51  Probe  
  134  15:52  Probe  
  136  15:58  Probe x2  
  136  16:02  Probe  
  136  16:04  Probe x2  
  143  16:14  Probe, Disruptor (Chrono Boost)  
  143  16:16  Stalker x3  
  147  16:22  Disruptor (Chrono Boost)  
  147  16:23  Disruptor (Chrono Boost)  
  153  16:27  Zealot  
  153  16:28  High Templar x2  
  153  16:31  Zealot x3  
  165  16:32  Archon  
  165  16:36  Zealot x2  
  165  16:37  Zealot  
  171  16:44  High Templar x2  
  175  16:48  Nexus  
  175  16:53  Pylon  
  175  16:58  Archon  
  175  16:59  Dark Templar  
  175  17:00  Dark Templar x2  
  179  17:03  Stalker  
  179  17:05  Zealot  
  181  17:18  Observer x2 (Chrono Boost)  
  181  17:21  Photon Cannon  
  177  17:23  Photon Cannon  
  177  17:24  Photon Cannon  
  177  17:29  Observer (Chrono Boost)  
  176  17:40  Stalker x5  
  180  17:47  Photon Cannon  
  180  17:50  Photon Cannon  
  179  17:56  High Templar x2  
  181  18:01  Archon  
  181  18:02  Stalker x2  
  181  18:03  Zealot x2  
  190  18:09  Zealot  
  192  18:17  Assimilator  
  192  18:19  Assimilator  
  191  18:21  Pylon, Photon Cannon  
  191  18:26  Zealot x4  
  197  18:40  Disruptor x3 (Chrono Boost)  
  192  18:43  Zealot x2  
  192  18:46  Zealot  
  192  19:00  Dark Templar x3  
  192  19:02  Zealot x2  
  194  19:18  Dark Templar x3  
  194  19:43  Zealot x3  
  200  19:48  Nexus  
  200  19:51  Nexus  
  200  19:54  Pylon  
  200  19:57  Pylon  
  198  20:05  Disruptor (Chrono Boost)  
  185  20:17  Disruptor x2 (Chrono Boost), Zealot  
  185  20:18  Zealot x8  
  200  20:21  Photon Cannon  
  200  20:28  Pylon  
  200  20:36  Photon Cannon  
  200  20:56  Protoss Shields Level 1  
  200  21:07  Photon Cannon  
  200  21:08  Photon Cannon  
  200  21:12  Photon Cannon  
  200  21:13  Photon Cannon  
  200  21:15  Photon Cannon  
  200  21:17  Photon Cannon  
  194  21:32  Disruptor x2 (Chrono Boost)  
  171  21:43  Zealot  
  171  21:44  Zealot x4  
  171  21:46  Disruptor (Chrono Boost)  
  178  21:53  Photon Cannon  
  177  21:54  Photon Cannon  
  177  21:56  High Templar x3  
  177  21:57  Photon Cannon, High Templar  
  177  21:58  Zealot x2  
  177  21:59  Photon Cannon  
  177  22:01  Archon x2  
  189  22:03  Disruptor (Chrono Boost)  
  188  22:22  Disruptor x2 (Chrono Boost)  
  192  22:34  Disruptor (Chrono Boost)  
  193  22:50  Stalker  
  193  22:51  Stalker x7  
  187  22:52  Zealot x2  
  163  23:01  Observer (Chrono Boost)  
  138  23:09  Observer x2 (Chrono Boost)  
  134  23:16  Stalker x2  
  134  23:17  Stalker x3  
  134  23:18  Zealot x2  
  144  23:24  Observer (Chrono Boost)  
  144  23:25  Zealot  
  144  23:26  Zealot  
  152  23:37  Assimilator  
  152  23:39  Assimilator  
Show
View Real Time Build Order
Export as new Build Order

HolyHit Protoss 

Build Orders: Nexus First 

Get SALT Encoding   

  12  0:01  Probe (Chrono Boost)  
  13  0:11  Probe (Chrono Boost)  
  14  0:17  Pylon  
  14  0:22  Probe (Chrono Boost)  
  15  0:35  Probe (Chrono Boost)  
  16  0:45  Probe (Chrono Boost)  
  17  0:56  Nexus  
  17  1:00  Probe (Chrono Boost)  
  18  1:10  Gateway  
  18  1:14  Probe (Chrono Boost)  
  19  1:21  Assimilator  
  19  1:24  Probe (Chrono Boost)  
  20  1:28  Assimilator  
  20  1:35  Probe (Chrono Boost)  
  21  1:41  Gateway  
  21  1:45  Probe (Chrono Boost)  
  22  1:56  Probe (Chrono Boost)  
  24  2:08  Probe (Chrono Boost)  
  24  2:10  Cybernetics Core  
  24  2:11  Probe (Chrono Boost)  
  25  2:19  Probe (Chrono Boost)  
  25  2:21  Probe (Chrono Boost)  
  27  2:29  Probe (Chrono Boost)  
  28  2:32  Probe (Chrono Boost)  
  29  2:39  Warp Gate  
  29  2:40  Probe (Chrono Boost)  
  29  2:42  Probe (Chrono Boost)  
  31  2:46  Adept x2 (Chrono Boost)  
  31  2:50  Pylon  
  31  2:51  Mothership Core  
  37  2:53  Probe  
  38  3:08  Probe  
  38  3:10  Stargate  
  38  3:12  Probe  
  40  3:20  Probe  
  40  3:24  Probe  
  42  3:37  Probe (Chrono Boost)  
  42  3:38  Probe (Chrono Boost)  
  43  3:42  Stalker (Chrono Boost)  
  43  3:47  Pylon  
  45  3:51  Probe (Chrono Boost)  
  46  4:01  Nexus  
  46  4:03  Pylon  
  46  4:05  Stalker, Oracle (Chrono Boost)  
  46  4:08  Probe (Chrono Boost)  
  52  4:11  Probe (Chrono Boost)  
  53  4:21  Probe (Chrono Boost)  
  53  4:22  Probe (Chrono Boost)  
  51  4:27  Twilight Council  
  51  4:28  Assimilator  
  51  4:29  Pylon  
  51  4:30  Robotics Facility  
  51  4:33  Probe x2 (Chrono Boost), Assimilator  
  53  4:40  Phoenix (Chrono Boost)  
  53  4:44  Probe  
  53  4:45  Gateway  
  56  4:48  Probe  
  57  4:54  Stalker  
  57  4:55  Stalker  
  57  4:56  Probe  
  62  5:00  Probe  
  62  5:02  Pylon  
  63  5:08  Probe  
  63  5:13  Probe  
  65  5:15  Charge (Chrono Boost)  
  65  5:16  Probe  
  65  5:20  Immortal, Probe  
  67  5:25  Probe  
  67  5:26  Probe  
  73  5:33  Probe  
  74  5:37  Probe x2  
  74  5:42  Zealot x2  
  80  5:45  Probe  
  80  5:46  Pylon  
  80  5:48  Forge, Phoenix  
  80  5:49  Probe  
  84  5:53  Sentry, Probe  
  87  5:58  Observer  
  87  5:59  Pylon  
  87  6:00  Assimilator  
  87  6:03  Assimilator  
  88  6:07  Probe  
  89  6:11  Zealot x2  
  89  6:13  Phoenix  
  89  6:14  Immortal  
  95  6:19  Probe x2  
  95  6:22  Photon Cannon  
  101  6:25  Pylon  
  101  6:27  Photon Cannon  
  101  6:31  Protoss Ground Weapons Level 1  
  101  6:36  Templar Archives, Probe x2  
  103  6:41  Zealot x3  
  103  6:54  Phoenix  
  104  7:05  Probe x2  
  104  7:08  Photon Cannon  
  104  7:10  Zealot x3  
  104  7:11  Probe  
  104  7:15  Warp Prism  
  115  7:18  Probe  
  115  7:19  Phoenix  
  115  7:20  Pylon  
  116  7:23  Probe  
  116  7:25  Robotics Bay  
  116  7:27  Gateway  
  116  7:28  Photon Cannon  
  117  7:44  Phoenix  
  117  7:49  Pylon  
  117  7:50  Pylon  
  119  7:53  Probe x2  
  121  8:00  Nexus  
  121  8:03  Pylon  
  121  8:07  Disruptor  
  121  8:09  Gateway  
  121  8:11  Gateway  
  124  8:14  Gateway, Pylon  
  124  8:21  High Templar  
  124  8:22  High Templar x3  
  124  8:24  Probe  
  133  8:27  Pylon, Photon Cannon, Archon x2  
  133  8:34  Protoss Ground Weapons Level 2  
  133  8:37  Probe  
  133  8:38  Probe  
  133  8:39  Probe, Robotics Facility  
  136  8:55  High Templar x2  
  136  8:56  Photon Cannon, High Templar x2  
  136  8:57  Disruptor  
  136  8:59  Photon Cannon  
  136  9:01  Archon x2  
  147  9:15  Probe  
  147  9:16  Probe x2  
  150  9:26  Disruptor  
  153  9:32  High Templar x2  
  153  9:34  Gateway  
  153  9:36  Archon  
  153  9:37  Gateway, Zealot x5  
  167  9:39  Gateway  
  167  9:40  Gateway  
  167  9:41  Disruptor  
  169  9:59  High Templar  
  171  10:00  Zealot x3  
  171  10:01  Zealot  
  171  10:05  Pylon  
  179  10:08  Pylon  
  179  10:10  Pylon  
  179  10:12  Pylon  
  177  10:27  Colossus  
  177  10:28  Photon Cannon  
  177  10:31  Photon Cannon  
  177  10:34  Colossus, Photon Cannon  
  189  10:37  Assimilator  
  189  10:41  Assimilator  
  189  10:52  Extended Thermal Lance, Protoss Ground Weapons Level 3  
  189  10:55  Nexus  
  189  10:57  Pylon  
  189  11:09  Pylon  
  189  11:17  Colossus  
  187  11:56  Gateway  
  187  11:58  Gateway  
  187  12:00  High Templar x2  
  187  12:01  High Templar x3, Photon Cannon x2  
  195  12:03  Photon Cannon  
  195  12:04  Archon  
  195  12:05  Archon  
  195  12:06  High Templar  
  199  12:11  Archon  
  194  12:31  Zealot x4  
  194  12:32  Zealot  
  182  12:41  Stalker x2  
  180  12:54  Photon Cannon  
  180  12:56  Photon Cannon  
  180  12:59  Gateway, Disruptor  
  180  13:00  Gateway  
  180  13:04  Disruptor, Photon Cannon  
  180  13:08  High Templar x5  
  190  13:13  Archon x2  
  190  13:17  High Templar  
  192  13:21  Archon  
  192  13:30  Warp Prism  
  194  13:45  Dark Shrine  
  194  13:46  Protoss Shields Level 1  
  194  13:55  Gateway  
  192  14:02  Gateway  
  191  14:05  Disruptor  
  194  14:28  Zealot  
  194  14:29  Zealot x2  
  174  14:40  Zealot  
  174  14:41  Zealot x10  
  174  14:42  Zealot  
  146  14:50  Zealot x4  
  146  14:51  Zealot x10  
  134  14:56  Colossus (Chrono Boost)  
  100  15:00  Zealot x3  
  100  15:01  Zealot x7  
  100  15:02  Colossus (Chrono Boost)  
  102  15:23  Dark Templar x5  
  102  15:24  Dark Templar x3  
  102  15:26  Probe x2  
  102  15:27  Assimilator  
  120  15:28  Photon Cannon x2  
  120  15:29  Archon  
  120  15:30  Archon x3  
  120  15:31  Assimilator  
  120  15:32  Zealot x7  
  134  15:44  Nexus, Zealot x2  
  134  15:45  Phoenix  
  134  15:46  Pylon  
  134  15:49  Disruptor (Chrono Boost)  
  144  16:01  Zealot x9  
  144  16:02  Zealot x3  
  168  16:10  Phoenix  
  139  16:25  Zealot x7  
  147  16:26  Zealot x6  
  147  16:28  Disruptor x2 (Chrono Boost)  
  147  16:32  Mothership Core  
  171  16:35  Phoenix  
  171  16:38  Photon Cannon  
  175  16:40  Pylon  
  175  16:41  Gateway x2  
  175  16:47  Dark Templar  
  177  16:48  Dark Templar  
  179  16:59  Phoenix  
  181  17:02  Protoss Shields Level 2  
  181  17:15  Zealot x4  
  189  17:26  Observer Gravitic Boosters  
  189  17:31  Assimilator  
  189  17:35  Photon Cannon  
  189  17:38  Disruptor (Chrono Boost), Pylon  
  190  17:55  Probe  
  190  17:57  Probe x2, Phoenix  
  193  18:01  Probe  
  193  18:02  Probe x2, Photon Cannon  
  193  18:05  Photon Cannon  
  196  18:06  Photon Cannon  
  196  18:11  Assimilator  
  196  18:26  Colossus (Chrono Boost)  
  196  18:31  Phoenix  
  198  18:42  Probe  
  199  18:53  Probe, Nexus  
  200  18:59  Pylon  
  200  19:00  Pylon  
  190  19:25  Zealot  
  156  19:39  Dark Templar x6  
  156  19:40  Dark Templar x4  
  156  19:41  Dark Templar x2  
  156  19:43  Archon x3  
  156  19:44  Archon x2  
  156  19:45  Archon  
  147  20:17  Disruptor (Chrono Boost)  
  147  20:18  Phoenix  
  147  20:20  Zealot x10  
  147  20:21  Zealot x5  
  178  20:31  Colossus (Chrono Boost)  
  178  20:33  Zealot x3  
  178  20:34  Zealot  
  185  20:57  Dark Templar x2  
  185  20:58  Dark Templar x2  
  185  21:03  Disruptor (Chrono Boost)  
  170  21:40  Dark Templar x4  
  170  22:07  Pylon  
  170  22:10  Nexus  
  170  22:15  Colossus x2 (Chrono Boost)  
  182  22:16  Assimilator  
  182  22:17  Archon x2  
  182  22:20  Assimilator  
  182  22:24  Pylon  
  182  22:35  Zealot x5  
  182  22:36  Zealot x4  
  178  22:47  Pylon  
  178  22:51  Pylon  
  145  22:53  Zealot x8  
  139  23:01  Disruptor (Chrono Boost)  
  139  23:04  Dark Templar x4  
  121  23:06  Zealot x2  
  121  23:07  Zealot x4  
  131  23:14  Phoenix  
  131  23:17  Archon  
  131  23:18  Archon  
  132  23:20  Disruptor (Chrono Boost), Zealot x5  
  132  23:21  Zealot x4  
  150  23:34  Photon Cannon  
  152  23:36  Zealot x5  
  152  23:37  Zealot x5, Photon Cannon  

Tags
 
Add a new tag
Caveats
  • Supply blocks, unpowered buildings, or Contaminate may cause inaccurate times.
  • Supply counts are checked every 10 seconds.